[Event "EYCC Open U14 2018"]
[Site "Riga"]
[Date "2018.08.20"]
[Round "1"]
[White "Bjerre, Jonas Buhl"]
[Black "Schlegel, Igor"]
[Result "1-0"]
[ECO "B90"]
[WhiteElo "2423"]
[BlackElo "1979"]
[Annotator "NA"]
[PlyCount "57"]
[EventDate "2018.08.20"]
[EventType "swiss"]
[EventCountry "LAT"]
[SourceTitle "playchess.com"]
[Source "ChessBase"]
[SourceQuality "1"]
[TimeControl "40/5400+30:1800+30"]

1. e4 c5 2. Nf3 d6 3. d4 cxd4 4. Nxd4 Nf6 5. Nc3 a6 6. f3 e5 7. Nb3 Be6 8. Be3 h5 9. Nd5 Nbd7 10. c4 {[%emt 0:09:32] LiveBook: 4 Games} Rc8 11. Qd2 Nc5 12. Nxc5 dxc5 13. O-O-O $14 Nxd5 14. exd5 Bf5 15. f4 Bd6 16. fxe5 Bxe5 17. Bf4 Bf6 18. Re1+ Kf8 19. Bd3 Bxd3 20. Qxd3 b5 21. d6 Qd7 22. Rhf1 bxc4 23. Qxc4 Rb8 24. Re7 Bxb2+ 25. Kd2 Qf5 26. Be3 Rb4 27. Rxf5 Rxc4 28. Rexf7+ Kg8 29. Rf8+ 1-0

[Event "EYCC Open U14 2018"]
[Site "Riga"]
[Date "2018.08.20"]
[Round "1"]
[White "Makarian, Rudik"]
[Black "Kharitonov, Egor"]
[Result "1-0"]
[ECO "B41"]
[WhiteElo "2378"]
[BlackElo "2387"]
[Annotator "NA"]
[PlyCount "75"]
[EventDate "2018.08.20"]
[EventType "swiss"]
[EventCountry "LAT"]
[SourceTitle "playchess.com"]
[Source "ChessBase"]
[SourceQuality "1"]
[TimeControl "40/5400+30:1800+30"]

1. e4 c5 2. Nf3 e6 3. d4 cxd4 4. Nxd4 a6 5. c4 Nf6 6. Nc3 Bb4 7. Qd3 Qc7 {[%emt 0:28:18] LiveBook: 77 Games} 8. a3 Be7 9. Be2 O-O 10. O-O d6 11. Be3 Nbd7 12. Qd2 b6 13. Rac1 Bb7 14. f3 $16 Rac8 15. Rfd1 Rfe8 16. b4 Qb8 17. Nb3 Bd8 18. Kh1 Bc7 19. Bf4 Ne5 20. Bxe5 dxe5 21. c5 Red8 22. Qe3 b5 23. a4 Bc6 24. axb5 axb5 25. Qf2 Qb7 26. Qf1 Rb8 27. Rxd8+ Bxd8 28. Ra1 Ne8 29. Na5 Bxa5 30. Rxa5 Nc7 31. Qa1 Qc8 32. Ra7 h6 33. Qa5 Rb7 34. Rxb7 Qxb7 35. Qb6 Qxb6 36. cxb6 Na8 37. Bxb5 Bxb5 38. b7 1-0

[Event "EYCC Open U14 2018"]
[Site "Riga"]
[Date "2018.08.20"]
[Round "1"]
[White "Oglaza, Oskar"]
[Black "Czernek, Tymon"]
[Result "1-0"]
[ECO "A20"]
[WhiteElo "2364"]
[BlackElo "1969"]
[Annotator "NA"]
[PlyCount "117"]
[EventDate "2018.08.20"]
[EventType "swiss"]
[EventCountry "LAT"]
[SourceTitle "playchess.com"]
[Source "ChessBase"]
[SourceQuality "1"]
[TimeControl "40/5400+30:1800+30"]

1. c4 e5 2. g3 Nf6 3. Bg2 c6 4. d4 exd4 5. Qxd4 d5 6. Nf3 Be7 7. cxd5 cxd5 8. O-O O-O 9. Nc3 Nc6 10. Qa4 Be6 11. Be3 Ng4 12. Bd4 Nxd4 13. Nxd4 Nf6 {[%emt 0:00:54] LiveBook: 3 Games} 14. Qb3 Bc5 15. Rad1 Qb6 $14 16. e3 Rfd8 17. Qxb6 Bxb6 18. Na4 Nd7 19. Nb5 Ne5 20. Nxb6 axb6 21. Nc3 Kf8 22. b3 b5 23. Rd2 b4 24. Ne2 Ra5 25. e4 Bh3 26. Rc1 Ke8 27. f4 Bxg2 28. Kxg2 Nc6 29. e5 d4 30. Rc4 Rad5 31. Kf2 f6 32. exf6 gxf6 33. g4 h5 34. h3 hxg4 35. hxg4 Kf7 36. Ng3 Rh8 37. Kf3 Rh3 38. Rc1 Rd8 39. Rh1 Rxh1 40. Nxh1 Na7 41. Ng3 Nb5 42. Nf5 Ke6 43. Ke4 d3 44. Ke3 Rg8 45. Nh6 Rh8 46. g5 f5 47. Rxd3 Nc3 48. Kf3 Rf8 49. Re3+ Ne4 50. Nxf5 Kxf5 51. Rxe4 Rh8 52. Re5+ Kg6 53. Kg4 Rh2 54. Rb5 Rg2+ 55. Kf3 Rxa2 56. Rb6+ Kf7 57. Rxb7+ Kg6 58. Rb6+ Kf7 59. Rxb4 1-0

[Event "EYCC Open U14 2018"]
[Site "Riga"]
[Date "2018.08.20"]
[Round "1"]
[White "Subelj, Jan"]
[Black "Tobak, Mikhail"]
[Result "0-1"]
[ECO "B05"]
[WhiteElo "2341"]
[BlackElo "1954"]
[Annotator "NA"]
[PlyCount "140"]
[EventDate "2018.08.20"]
[EventType "swiss"]
[EventCountry "LAT"]
[SourceTitle "playchess.com"]
[Source "ChessBase"]
[SourceQuality "1"]
[TimeControl "40/5400+30:1800+30"]

1. e4 {[%emt 0:00:00] Cox,J} Nf6 2. e5 Nd5 3. d4 d6 4. Nf3 Bg4 5. Be2 c6 6. O-O Bxf3 7. Bxf3 dxe5 8. dxe5 e6 9. c4 Ne7 10. Qxd8+ Kxd8 {[%emt 0:00:06] LiveBook: 33 Partien} 11. Be4 Nd7 12. f4 Nf5 {[%emt 0:00:57] B05: Alekhine's Defence: 4 Nf3 Bg4} 13. Nc3 Kc7 14. g3 $146 ({Predecessor:} 14. g4 Bc5+ 15. Kg2 Ne3+ 16. Bxe3 Bxe3 17. Rf3 Bc5 18. Bc2 Rad8 19. Ne4 Be7 20. Rd1 {½-½ (44) Kovalevskaya,E (2457)-Kovacevic,V (2512) Solin 2005 CBM 111 [Cox,J]}) 14... Bc5+ 15. Kg2 Bd4 16. Ne2 $11 Ne3+ 17. Bxe3 Bxe3 18. Kf3 Bc5 19. Rad1 a5 20. Bc2 Nb6 21. b3 a4 22. Nc3 axb3 23. axb3 Bb4 24. Ne4 Ra2 25. Rf2 h6 26. g4 Rd8 27. Rxd8 Kxd8 28. h4 Nd7 29. Nd6 Bxd6 30. exd6 Nc5 31. f5 Kd7 32. g5 hxg5 33. h5 f6 34. b4 Ra3+ 35. Kg4 Na6 36. fxe6+ Kxd6 37. Bf5 Ke7 38. Rd2 Nb8 39. h6 gxh6 40. Rh2 Rc3 41. Rxh6 Rxc4+ 42. Kg3 Rh4 43. Rg6 Rh8 44. Rg7+ Kd6 45. Rf7 Re8 46. Rxb7 Na6 47. Rd7+ Ke5 48. Kg4 Nxb4 49. Rd1 Nd5 50. Re1+ Kd6 51. Rd1 Rh8 52. Kg3 Ke5 53. Bg4 f5 54. Re1+ Kf6 55. Bf3 Re8 56. Rh1 Rxe6 57. Rh6+ Ke5 58. Rh5 Rg6 59. Rh8 f4+ 60. Kh3 Ne3 61. Bh5 g4+ 62. Kh2 Rg5 63. Kg1 f3 64. Kf2 g3+ 65. Kxe3 g2 66. Re8+ Kf6 67. Rf8+ Kg7 68. Rf7+ Kg8 69. Rxf3 g1=Q+ 70. Kf4 Rxh5 0-1

[Event "EYCC Open U14 2018"]
[Site "Riga"]
[Date "2018.08.20"]
[Round "1"]
[White "Pogosyan, Stefan"]
[Black "Malikov, Farid"]
[Result "1-0"]
[ECO "E63"]
[WhiteElo "2331"]
[BlackElo "1943"]
[Annotator "NA"]
[PlyCount "73"]
[EventDate "2018.08.20"]
[EventType "swiss"]
[EventCountry "LAT"]
[SourceTitle "playchess.com"]
[Source "ChessBase"]
[SourceQuality "1"]
[TimeControl "40/5400+30:1800+30"]

1. d4 Nf6 2. c4 g6 3. Nc3 Bg7 4. g3 O-O 5. Bg2 d6 6. Nf3 Nc6 7. O-O a6 8. d5 Na5 9. Nd2 c5 10. Qc2 Bd7 11. b3 b5 12. Bb2 Rb8 13. Rab1 e6 14. e4 exd5 15. cxd5 Re8 $14 16. Nd1 Rc8 17. Ne3 c4 18. bxc4 Nxc4 19. Nexc4 bxc4 20. Bc3 Nh5 21. Rfc1 Bxc3 22. Qxc3 Bb5 23. Rb4 Qa5 24. Bh3 f5 25. exf5 Bd7 26. fxg6 Bxh3 27. gxh7+ Kxh7 28. Rb7+ Qc7 29. Rxc7+ Rxc7 30. Qd4 Rce7 31. Nf3 Bf5 32. Qh4 Bg6 33. g4 Rg7 34. Ng5+ Kh6 35. gxh5 Bd3 36. f4 Reg8 37. Re1 1-0

[Event "EYCC Open U14 2018"]
[Site "Riga"]
[Date "2018.08.20"]
[Round "1"]
[White "Sismeiro, Miguel"]
[Black "Tsoi, Dmitry"]
[Result "0-1"]
[ECO "C41"]
[WhiteElo "1974"]
[BlackElo "2393"]
[Annotator "NA"]
[PlyCount "94"]
[EventDate "2018.08.20"]
[EventType "swiss"]
[EventCountry "LAT"]
[SourceTitle "playchess.com"]
[Source "ChessBase"]
[SourceQuality "1"]
[TimeControl "40/5400+30:1800+30"]

1. e4 e5 2. Nf3 d6 3. d4 exd4 4. Qxd4 Nc6 {LiveBook: 110 Games} 5. Bb5 Bd7 6. Bxc6 Bxc6 7. Bg5 Qd7 8. Nc3 h6 9. Bh4 Rh7 $1 10. O-O-O g5 11. Bg3 $14 f5 12. exf5 Qxf5 13. Rhe1+ Re7 14. Rxe7+ Nxe7 15. Re1 Qf7 16. Kb1 Bg7 17. Qe3 Bxf3 18. gxf3 Bxc3 19. Qxc3 O-O-O 20. Qe3 Nc6 21. f4 Rd7 22. Qe8+ Qxe8 23. Rxe8+ Rd8 24. Re6 Rg8 25. c3 h5 26. fxg5 Rxg5 27. Kc2 Rf5 28. Kd3 Kd7 29. Rh6 Nd8 30. Rh7+ Kc6 31. Re7 a5 32. b3 a4 33. b4 Rd5+ 34. Ke3 Rd1 35. Ke2 Ra1 36. Kd3 Rxa2 37. Re1 Nf7 38. f4 Nh6 39. Rb1 a3 40. Kc4 Rb2 41. Ra1 a2 42. Kd3 Kb5 43. h3 Nf5 44. Be1 d5 45. Bd2 Ka4 46. c4 d4 47. Bc1 Kb3 {Kxd4} 0-1

[Event "EYCC Open U14 2018"]
[Site "Riga"]
[Date "2018.08.20"]
[Round "1"]
[White "Fiedorek, Michal"]
[Black "Morgunov, Marc"]
[Result "0-1"]
[ECO "B90"]
[WhiteElo "1970"]
[BlackElo "2373"]
[Annotator "NA"]
[PlyCount "160"]
[EventDate "2018.08.20"]
[EventType "swiss"]
[EventCountry "LAT"]
[SourceTitle "playchess.com"]
[Source "ChessBase"]
[SourceQuality "1"]
[TimeControl "40/5400+30:1800+30"]

1. e4 c5 2. Nf3 d6 3. d4 cxd4 4. Nxd4 Nf6 5. Nc3 a6 6. Be3 e5 7. Nf3 Be7 8. Bc4 O-O 9. O-O Qc7 10. Bb3 Be6 11. Qe2 Nc6 12. Rfd1 Rac8 13. Bg5 Na5 14. Bxf6 Bxf6 {[%emt 0:00:07] LiveBook: 12 Games} 15. Ne1 $11 Nc4 16. Bxc4 Bxc4 17. Qe3 Bd8 18. Nd5 Qc6 19. Qd2 f5 20. exf5 Rxf5 21. c3 Bxd5 22. Qxd5+ Qxd5 23. Rxd5 Bb6 24. Nf3 Rf6 25. Re1 Rc4 26. Re2 Rcf4 27. Kf1 g5 28. h3 h5 29. Rdd2 g4 30. Ng5 d5 31. Ke1 R4f5 32. h4 e4 33. Rc2 g3 34. f3 e3 35. Nh3 Rd6 36. Rc1 Rc6 37. Rec2 Rc4 38. f4 Kf7 39. Ke2 Bc7 40. Kxe3 Bxf4+ 41. Nxf4 Rcxf4 42. Rh1 Rf2 43. Rhc1 R5f4 44. b3 b5 45. a3 Kf6 46. Rxf2 Rxf2 47. c4 dxc4 48. bxc4 Rxg2 49. cxb5 axb5 50. Rb1 Rh2 51. Kf3 Rxh4 52. Kxg3 Rg4+ 53. Kh3 Rg5 54. Kh4 Rc5 55. Rf1+ Ke6 56. Rd1 Rd5 57. Rc1 Kd6 58. Rc8 Rc5 59. Ra8 Kc6 60. Ra6+ Kb7 61. Rg6 Rc3 62. Kxh5 Rxa3 63. Kg4 Ra6 64. Rg7+ Kb6 65. Kf3 Ka5 66. Ke3 Rd6 67. Rb7 Ka4 68. Ra7+ Kb3 69. Rb7 b4 70. Rc7 Ka3 71. Ra7+ Kb2 72. Rb7 b3 73. Ke2 Kc2 74. Rc7+ Kb1 75. Rb7 b2 76. Ra7 Rd5 77. Ra8 Kc2 78. Rc8+ Kb3 79. Rb8+ Kc3 80. Rb7 Rd4 0-1

[Event "EYCC Open U14 2018"]
[Site "Riga"]
[Date "2018.08.20"]
[Round "1"]
[White "Mutovin, Egor"]
[Black "Kacharava, Nikolozi"]
[Result "0-1"]
[ECO "A41"]
[WhiteElo "1958"]
[BlackElo "2361"]
[Annotator "NA"]
[PlyCount "76"]
[EventDate "2018.08.20"]
[EventType "swiss"]
[EventCountry "LAT"]
[SourceTitle "playchess.com"]
[Source "ChessBase"]
[SourceQuality "1"]
[TimeControl "40/5400+30:1800+30"]

1. d4 d6 2. Nf3 Nf6 3. c4 g6 4. Nc3 Bf5 {[%emt 0:00:21] LiveBook: 971 Partien} 5. g3 Ne4 6. Nxe4 Bxe4 7. Bg2 Bg7 8. O-O O-O 9. Qb3 b6 10. Qe3 Bb7 11. d5 $11 Nd7 12. Nd4 Ne5 13. b3 e6 14. Bb2 exd5 15. cxd5 Nd7 16. Rac1 Re8 17. Qd2 Nc5 18. Qc2 a5 19. a3 Qg5 20. b4 axb4 21. axb4 Bxd5 22. Bxd5 Qxd5 23. bxc5 Bxd4 24. Rfd1 bxc5 25. e3 Qf3 26. Bxd4 cxd4 27. Rxd4 Ra7 28. Qc6 Rxe3 29. Qd7 Rd3 30. Rf4 Rd1+ 31. Rxd1 Qxd1+ 32. Kg2 Qd5+ 33. Rf3 Kg7 34. Qd8 Ra8 35. Qf6+ Kg8 36. Qe7 c5 37. h4 h5 38. Qf6 Ra3 0-1

[Event "EYCC Open U14 2018"]
[Site "Riga"]
[Date "2018.08.20"]
[Round "1"]
[White "Redzisz, Michal"]
[Black "Gines Esteo, Pedro Antonio"]
[Result "1/2-1/2"]
[ECO "B13"]
[WhiteElo "1947"]
[BlackElo "2336"]
[Annotator "NA"]
[PlyCount "115"]
[EventDate "2018.08.20"]
[EventType "swiss"]
[EventCountry "LAT"]
[SourceTitle "playchess.com"]
[Source "ChessBase"]
[SourceQuality "1"]
[TimeControl "40/5400+30:1800+30"]

1. e4 c6 2. d4 d5 3. exd5 cxd5 4. Bd3 Nc6 5. c3 Nf6 6. Bf4 Bg4 7. Qb3 Qd7 8. Nd2 e6 9. Ngf3 Bd6 10. Bxd6 Qxd6 11. O-O O-O 12. Rfe1 Nd7 $14 13. Qc2 h6 14. h3 Bxf3 15. Nxf3 Rab8 16. Qe2 Rfc8 17. Ne5 Ncxe5 18. dxe5 Qc5 19. Qg4 b5 20. Re3 b4 21. Rg3 Qf8 22. Qh5 bxc3 23. bxc3 Nc5 24. Bb1 Kh8 25. Rf3 Rc7 26. g4 Qe7 27. h4 Rb2 28. g5 Rcb7 29. Kg2 Ne4 30. Bxe4 dxe4 31. Rf4 e3 32. gxh6 Rxf2+ 33. Rxf2 exf2 34. hxg7+ Kxg7 35. Qg4+ Kf8 36. Kxf2 Rb2+ 37. Ke3 Qc7 38. Qd4 Rb5 39. Qd6+ Qxd6 40. exd6 Rd5 41. c4 Rxd6 42. c5 Rd5 43. Rc1 Ke7 44. c6 Kd8 45. c7+ Kc8 46. Rc4 Rh5 47. Kf3 f5 48. Kg3 Rh7 49. Rc5 Rg7+ 50. Kf4 Rg4+ 51. Ke5 Re4+ 52. Kd6 Rxh4 53. Kxe6 Rh6+ 54. Ke5 Rh7 55. Kf4 Rh2 56. Ra5 Kxc7 57. Rxa7+ Kb6 58. Rf7 1/2-1/2

[Event "EYCC Open U14 2018"]
[Site "Riga"]
[Date "2018.08.21"]
[Round "2"]
[White "Magold, Victor"]
[Black "Trifan, Andrei Ioan"]
[Result "0-1"]
[ECO "A10"]
[WhiteElo "2032"]
[BlackElo "2308"]
[Annotator "NA RC"]
[PlyCount "64"]
[EventDate "2018.08.20"]
[EventType "swiss"]
[EventCountry "LAT"]
[SourceTitle "playchess.com"]
[Source "ChessBase"]
[SourceQuality "1"]
[TimeControl "40/5400+30:1800+30"]

1. c4 g6 2. g3 Bg7 3. Bg2 d6 4. Nc3 e5 5. e3 f5 6. Nge2 Nf6 {[%emt 0:02:54] LiveBook: 153 Games} 7. d4 O-O 8. dxe5 dxe5 9. Qb3 c6 10. O-O Qe7 11. e4 $17 Be6 12. exf5 gxf5 13. Qc2 Nbd7 14. b3 Qf7 15. Ba3 Rfe8 16. Rad1 Kh8 17. Bc1 Rg8 18. f4 e4 19. Nd4 Nc5 20. Bh3 Qh5 21. Nxe6 Nxe6 22. Bg2 Nd4 23. Qb2 c5 24. Rfe1 Rad8 25. h3 Nf3+ 26. Bxf3 Qxf3 27. Rxd8 Qxg3+ 28. Kf1 Rxd8 29. Be3 Rd3 30. Nd1 Ng4 31. Qg2 Qxg2+ 32. Kxg2 Rxd1 0-1

[Event "EYCC Open U14 2018"]
[Site "Riga"]
[Date "2018.08.22"]
[Round "3"]
[White "Oglaza, Oskar"]
[Black "Hoffmann, Yair"]
[Result "1/2-1/2"]
[ECO "B13"]
[WhiteElo "2364"]
[BlackElo "2112"]
[Annotator "NA"]
[PlyCount "96"]
[EventDate "2018.08.20"]
[EventType "swiss"]
[EventCountry "LAT"]
[SourceTitle "playchess.com"]
[Source "ChessBase"]
[SourceQuality "1"]
[TimeControl "40/5400+30:1800+30"]

1. e4 c6 2. d4 d5 3. exd5 cxd5 4. Bd3 Nc6 5. c3 Nf6 6. h3 g6 7. Nf3 Bg7 8. O-O O-O 9. Re1 Qc7 10. Bg5 {[%emt 0:00:47] LiveBook: 20 Games} Re8 11. Nbd2 Nh5 12. Nf1 Nf4 13. Bxf4 Qxf4 14. Ne3 Rd8 15. Qb3 Qd6 16. Rad1 b6 17. Qa4 Bd7 18. Qb3 Bc8 19. Bb5 Bb7 20. Ng4 Na5 21. Qc2 a6 22. Bd3 Nc6 23. Qd2 Rf8 24. h4 Rae8 25. Nfe5 Nxe5 26. dxe5 Qe6 27. Qg5 Bc8 28. f3 b5 29. h5 Qb6+ 30. Kh1 Bxg4 31. Qxg4 e6 32. f4 Qf2 33. Re2 Qb6 34. Bc2 Rc8 35. Rd3 f5 36. exf6 Rxf6 37. Rh3 Rcf8 38. g3 d4 39. hxg6 h6 40. Bb3 Kh8 41. cxd4 Qxd4 42. Qg5 Qd3 43. Rxh6+ Kg8 44. Rxe6 Qf1+ 45. Kh2 Qf2+ 46. Kh3 Qf1+ 47. Kh2 Qf2+ 48. Kh3 Qf1+ 1/2-1/2

[Event "EYCC Open U14 2018"]
[Site "Riga"]
[Date "2018.08.22"]
[Round "3"]
[White "Pogosyan, Stefan"]
[Black "Solomon, Asif"]
[Result "1-0"]
[ECO "E62"]
[WhiteElo "2331"]
[BlackElo "2073"]
[Annotator "NA"]
[PlyCount "111"]
[EventDate "2018.08.20"]
[EventType "swiss"]
[EventCountry "LAT"]
[SourceTitle "playchess.com"]
[Source "ChessBase"]
[SourceQuality "1"]
[TimeControl "40/5400+30:1800+30"]

1. d4 Nf6 2. c4 g6 3. Nc3 Bg7 4. g3 O-O 5. Bg2 d6 6. Nf3 Nc6 7. O-O e5 8. d5 Nb8 9. e4 a5 {[%emt 0:00:29] E62: King's Indian: Fianchetto: 6...c6 and Panno Variation (6...Nc6) without ...a6} 10. Ne1 Na6 11. Nd3 Nb4 (11... Nd7 12. Be3 Ndc5 13. Nxc5 Nxc5 14. Qd2 f5 15. exf5 gxf5 16. f4 e4 {1-0 (50) Svidler,P (2753)-Yu,Y (2759) Shenzhen 2018}) 12. Ne1 Na6 13. b3 Nc5 {[%emt 0:02:47] LiveBook: 3 Games} (13... Nd7 $11) 14. Rb1 Bd7 15. a3 Ne8 16. Nd3 b6 17. Be3 $146 ({Predecessor:} 17. b4 Nxd3 18. Qxd3 axb4 19. axb4 f5 20. Bd2 Nf6 21. Ra1 {½-½ (50) Boensch,U-Moehring,G Halle/Saale 1974}) 17... f5 18. b4 axb4 19. axb4 Nxd3 20. Qxd3 f4 21. Bd2 g5 22. Ra1 Rxa1 23. Rxa1 h5 24. c5 bxc5 25. bxc5 h4 {[%emt 0:03:33] [#]} 26. c6 $18 Bc8 27. Ra8 Nf6 28. gxh4 g4 29. Nb5 Nh5 30. Na7 Ba6 31. Rxd8 Bxd3 32. Rxf8+ Bxf8 33. Ba5 f3 34. Bf1 Bxe4 35. Bc4 Nf4 36. Bxc7 Bxd5 37. Bxd5+ Nxd5 38. Bd8 Kf7 39. c7 Nxc7 40. Bxc7 Ke6 41. h5 d5 42. Nb5 d4 43. Ba5 Bh6 44. Bb4 d3 45. Nc7+ Kf5 46. Nd5 d2 47. Nc3 e4 48. Bc5 g3 49. hxg3 Kg4 50. Nd1 Kxh5 51. Be3 Bxe3 52. Nxe3 Kg5 53. Kh2 Kf6 54. g4 Ke5 55. g5 Kd4 56. g6 1-0

[Event "EYCC Open U14 2018"]
[Site "Riga"]
[Date "2018.08.22"]
[Round "3"]
[White "Trifan, Andrei Ioan"]
[Black "Torngren, Gustav"]
[Result "1-0"]
[ECO "B39"]
[WhiteElo "2308"]
[BlackElo "2030"]
[Annotator "NA"]
[PlyCount "47"]
[EventDate "2018.08.20"]
[EventType "swiss"]
[EventCountry "LAT"]
[SourceTitle "playchess.com"]
[Source "ChessBase"]
[SourceQuality "1"]
[TimeControl "40/5400+30:1800+30"]

1. e4 c5 2. Nf3 g6 3. d4 cxd4 4. Nxd4 Bg7 5. c4 Nc6 6. Be3 Nf6 7. Nc3 Ng4 8. Qxg4 Nxd4 9. Qd1 e5 10. Bd3 d6 11. O-O O-O 12. Qd2 Be6 13. Nd5 Bxd5 {[%emt 0:01:24] LiveBook: 6 Games [#] B39: Sicilian: Maroczy Bind with 5...Bg7 and 7...Ng4} 14. exd5 $146 ({Predecessor:} 14. cxd5 f5 15. f3 fxe4 16. Bxe4 Nf5 17. Bf2 Bh6 18. Qd3 Qa5 19. Rfd1 Rac8 20. a3 Qa4 21. b3 {½-½ (88) Kovchan,A (2572)-Guseynov,A (2341) Cesme 2018}) 14... a6 15. f4 Qd7 16. Bxd4 exd4 17. f5 Qe7 18. Rae1 Qh4 19. Re4 Qh6 20. Qf2 Be5 21. h3 g5 22. f6 Rfe8 23. Rg4 Bf4 $18 (23... Kh8 $16) 24. Qxf4 1-0

[Event "EYCC Open U14 2018"]
[Site "Riga"]
[Date "2018.08.22"]
[Round "3"]
[White "Patrelakis, Evaggelos"]
[Black "Munshi, Aditya"]
[Result "1/2-1/2"]
[ECO "B18"]
[WhiteElo "2235"]
[BlackElo "2018"]
[Annotator "NA"]
[PlyCount "64"]
[EventDate "2018.08.20"]
[EventType "swiss"]
[EventCountry "LAT"]
[SourceTitle "playchess.com"]
[Source "ChessBase"]
[SourceQuality "1"]
[TimeControl "40/5400+30:1800+30"]

1. e4 c6 2. d4 d5 3. Nc3 dxe4 4. Nxe4 Bf5 5. Ng3 Bg6 6. h4 h6 7. Nf3 e6 8. Bd3 Bxd3 9. Qxd3 Nf6 10. Bd2 Nbd7 11. O-O-O Be7 12. Ne4 Nxe4 13. Qxe4 {[%emt 0:00:02] LiveBook: 15 Games} Nf6 14. Qd3 Qc7 15. Ne5 Bd6 16. Nc4 $11 Bf4 17. g3 Bxd2+ 18. Rxd2 O-O 19. Ne5 Rfd8 20. Rhd1 Qa5 21. Kb1 c5 22. Qe2 cxd4 23. Rxd4 Rxd4 24. Rxd4 Rd8 25. Nc4 Qc7 26. Qd2 Rxd4 27. Qxd4 Qc6 28. a3 Qh1+ 29. Ka2 Qe4 30. Qc3 Nd5 31. Qb3 Qg2 32. f4 b6 1/2-1/2

[Event "EYCC Open U14 2018"]
[Site "Riga"]
[Date "2018.08.22"]
[Round "3"]
[White "Van Dael, Siem"]
[Black "Tsoi, Dmitry"]
[Result "0-1"]
[ECO "B15"]
[WhiteElo "2174"]
[BlackElo "2393"]
[Annotator "NA"]
[PlyCount "42"]
[EventDate "2018.08.20"]
[EventType "swiss"]
[EventCountry "LAT"]
[SourceTitle "playchess.com"]
[Source "ChessBase"]
[SourceQuality "1"]
[TimeControl "40/5400+30:1800+30"]

1. e4 c6 2. d4 d5 3. Nd2 dxe4 4. Nxe4 Nf6 5. Nxf6+ exf6 6. c3 Bd6 7. Bd3 O-O 8. Qc2 h6 9. Ne2 Qc7 10. Bd2 {[%emt 0:07:21] LiveBook: 3 Games B15: Caro-Kann: 3 Nc3: 3...g6 and 3...dxe4 4 Nxe4 Nf6 5 Nxf6+ exf6} Be6 11. Ng3 Nd7 12. c4 $146 ({Predecessor:} 12. O-O Rfe8 13. f4 b5 14. b3 Nf8 15. c4 bxc4 16. bxc4 Rad8 17. c5 Be7 {½-½ (40) Asis Gargatagli,H (2538)-Iturrizaga Bonelli,E (2652) Maia 2018}) 12... Rfe8 13. O-O h5 14. f4 h4 15. Ne4 Bg4 $2 (15... f5 $11 16. Ng5 (16. Nxd6 Qxd6 17. Bc3 Nf6 $14) 16... g6) 16. h3 Bh5 17. g4 Bg6 18. c5 Bxe4 19. Bxe4 Be7 20. f5 {[%emt 0:12:09] [#]} Bxc5 $19 21. Qd3 Qe5 0-1

[Event "EYCC Open U14 2018"]
[Site "Riga"]
[Date "2018.08.22"]
[Round "3"]
[White "Kochavi, Ori"]
[Black "Morgunov, Marc"]
[Result "0-1"]
[ECO "C77"]
[WhiteElo "2138"]
[BlackElo "2373"]
[Annotator "NA"]
[PlyCount "76"]
[EventDate "2018.08.20"]
[EventType "swiss"]
[EventCountry "LAT"]
[SourceTitle "playchess.com"]
[Source "ChessBase"]
[SourceQuality "1"]
[TimeControl "40/5400+30:1800+30"]

1. e4 e5 2. Nf3 Nc6 3. Bb5 a6 4. Ba4 Nf6 5. d3 d6 6. c3 g6 7. O-O Bg7 8. h3 {[%emt 0:01:03] C77: Ruy Lopez: 3...a6 4 Ba4 Nf6, unusual lines} (8. Nbd2 O-O 9. Re1 Nd7 10. Nf1 Nc5 11. Bxc6 bxc6 12. d4 exd4 13. cxd4 Ne6 14. Ng3 c5 15. dxc5 Nxc5 16. Bg5 Qe8 17. Qd2 Bg4 18. Bh6 Bxf3 19. Bxg7 Kxg7 20. gxf3 {1-0 (52) Anand,V (2759)-Caruana,F (2816) Leuven 2018}) 8... O-O 9. Be3 h6 10. Nbd2 Re8 11. Re1 {[%emt 0:11:55] LiveBook: 7 Games} d5 12. Bc5 $146 ({Predecessor:} 12. exd5 Nxd5 13. Bxc6 bxc6 14. Qa4 Bf5 15. Ne4 Rb8 16. Rab1 Nb6 17. Qc2 {½-½ (40) Zhao,J (2599)-Wang,H (2713) Hanoi 2018}) 12... b5 13. Bc2 Nd7 14. Nb3 Nxc5 15. Nxc5 d4 16. Rc1 Qd6 17. cxd4 Nxd4 18. b4 a5 19. Nxd4 Qxd4 20. Bb3 axb4 21. Bd5 Ra3 22. Nb3 Qa7 23. Rc6 Be6 24. Bxe6 Rxe6 25. Rxe6 $17 fxe6 26. Qg4 Kh7 27. Qxe6 Rxa2 28. Re3 Ra6 29. Qe7 c5 30. Qxa7 Rxa7 31. Nxc5 Rc7 32. Nb3 Rc3 33. d4 exd4 34. Rxc3 bxc3 35. Kf1 d3 36. Ke1 b4 37. Kd1 h5 38. Nc5 c2+ 0-1

[Event "EYCC Open U14 2018"]
[Site "Riga"]
[Date "2018.08.22"]
[Round "3"]
[White "Antonica, Dragos Andrei"]
[Black "Kacharava, Nikolozi"]
[Result "0-1"]
[ECO "B07"]
[WhiteElo "2113"]
[BlackElo "2361"]
[Annotator "NA"]
[PlyCount "88"]
[EventDate "2018.08.20"]
[EventType "swiss"]
[EventCountry "LAT"]
[SourceTitle "playchess.com"]
[Source "ChessBase"]
[SourceQuality "1"]
[TimeControl "40/5400+30:1800+30"]

1. d4 d6 2. e4 Nf6 3. Nc3 g6 4. g3 Bg7 5. Bg2 O-O 6. Nf3 c6 7. O-O Nbd7 8. e5 {[%emt 0:05:43] A49: Königsindisch (ohne c2-c4)} dxe5 {[%emt 0:00:33] LiveBook: 4 Games} 9. dxe5 Ng4 (9... Nd5 10. Nxd5 cxd5 11. Qxd5 Nxe5 12. Nxe5 Qxd5 13. Bxd5 Bxe5 14. Re1 Bf6 15. c3 Rd8 {1-0 (74) Zarkua,D (2437)-Guliev,L (2367) Corum 2016}) 10. e6 $1 fxe6 11. h3 $146 ({Vorgänger:} 11. Qe2 Ndf6 12. Ng5 Qb6 13. h3 Nh6 14. Nxe6 Bxe6 15. Qxe6+ Nf7 16. Qxe7 {1-0 (37) Mrna,V (2150)-Drabek,M (2095) Czechia 2005}) 11... Nge5 12. Ng5 Nb6 13. Qe2 Qd4 14. Rd1 Qc4 15. Qe1 Nd5 16. Bd2 $11 h6 17. b3 Qa6 18. Nxd5 cxd5 19. Bc3 Qd6 20. f4 hxg5 21. fxe5 Qc5+ 22. Bd4 Qxc2 23. Rd2 Qc7 24. Rc1 Qa5 25. Qe3 Bd7 26. Bc3 Qa6 27. Qxg5 Rac8 28. Rcc2 Qb6+ 29. Bd4 Qb4 30. Qe3 Rxc2 31. Rxc2 Kh7 32. Bc5 Qa5 33. g4 Qc7 34. Re2 Bh6 35. g5 Bxg5 36. Qxg5 Qxc5+ 37. Kh1 Kg7 38. h4 Rf5 39. Qg3 Bb5 40. Re3 Qc1+ 41. Kh2 Qd2 42. Rf3 Rxf3 43. Qxf3 Bd3 44. h5 Be4 0-1

[Event "EYCC Open U14 2018"]
[Site "Riga"]
[Date "2018.08.22"]
[Round "3"]
[White "Risteski, Emil"]
[Black "Tadic, Stefan"]
[Result "1/2-1/2"]
[ECO "B03"]
[WhiteElo "2081"]
[BlackElo "2240"]
[Annotator "NA"]
[PlyCount "69"]
[EventDate "2018.08.20"]
[EventType "swiss"]
[EventCountry "LAT"]
[SourceTitle "playchess.com"]
[Source "ChessBase"]
[SourceQuality "1"]
[TimeControl "40/5400+30:1800+30"]

1. e4 Nf6 2. e5 Nd5 3. d4 d6 4. Bc4 Nb6 5. Bb3 Nc6 6. exd6 exd6 7. c3 Bf5 8. Nf3 Be7 9. O-O O-O 10. Bf4 Bf6 $11 11. Nbd2 Qd7 12. Re1 Rfe8 13. Bg5 Rxe1+ 14. Qxe1 Re8 15. Qf1 Bxg5 16. Nxg5 Bg6 17. Re1 Kf8 18. Ngf3 a6 19. Nh4 Na5 20. Nxg6+ hxg6 21. g3 Na4 22. Bxa4 Qxa4 23. Rxe8+ Kxe8 24. Qb1 Kd7 25. b3 Qb5 26. c4 Qg5 27. Nf3 Qf6 28. Qd3 Nc6 29. a3 Ne7 30. Kg2 Nf5 31. h4 c6 32. b4 Kc7 33. a4 Nh6 34. Ng5 Ng4 35. Qf3 1/2-1/2